 Dungeon Crawl Stone Soup version 0.30-a0-347-gf58ed52 (webtiles) character file.

Game seed: 2689347383300872228

73 Dorkslayer the Sneak (level 4, -2/30 HPs)
             Began as an Octopode Brigand on Nov 5, 2022.
             Slain by an orc wizard
             ... wielding a +0 dagger
              (4 damage)
             ... on level 3 of the Dungeon.
             The game lasted 00:04:56 (1599 turns).

Dorkslayer the Sneak (Octopode Brigand)             Turns: 1599, Time: 00:04:56

Health: -2/30      AC:  1    Str: 12    XL:     4   Next: 27%
Magic:  4/4        EV: 12    Int: 13    God:
Gold:   143        SH:  0    Dex: 13    Spells: 3/3 levels left

rFire   . . .      SeeInvis .    a - +2 dagger
rCold   . . .      Faith    .    (no shield)
rNeg    . . .      Spirit   .    (helmet restricted)
rPois   +          Reflect  .    (no amulet)
rElec   .          Harm     .    (no ring)
rCorr   .          Rampage  .    (no ring)
Will    .....                    (no ring)
Stlth   ++........               (no ring)
HPRegen 0.25/turn                (no ring)
MPRegen 0.09/turn                (no ring)
                                 (no ring)
                                 (no ring)

@: confused, mighty
A: almost no armour, amphibious, 8 rings, camouflage 1, gelatinous body 1,
(nimble swimmer 1), tentacles, mutation resistance 1, poison resistance
a: no special abilities


You were on level 3 of the Dungeon.
You visited 1 branch of the dungeon, and saw 3 of its levels.

You collected 143 gold pieces.

Inventory:

Hand Weapons
 a - a +2 dagger (weapon)
Missiles
 b - 9 poisoned darts (quivered)
Scrolls
 d - a scroll of fog
 e - a scroll of brand weapon
 f - 3 scrolls of identify
 g - 2 scrolls of magic mapping
 j - a scroll of vulnerability {unknown}


   Skills:
 + Level 2.3 Fighting
 + Level 2.5 Short Blades
 + Level 2.2 Throwing
 + Level 1.1 Dodging
 + Level 6.9 Stealth


You had 3 spell levels left.
You didn't know any spells.
Your spell library contained the following spells:

 Spells                   Type           Power      Damage    Failure   Level
 Sublimation of Blood     Necr           0%         N/A       43%         2
 Wereblood                Tmut           0%         N/A       43%         2
 Conjure Ball Lightning   Conj/Air       0%         3x3d7     100%        6
 Summon Hydra             Summ           0%         N/A       100%        7
 Discord                  Hex            0%         N/A       100%        8
 Disjunction              Tloc           0%         N/A       100%        8


Dungeon Overview and Level Annotations

Branches:
Dungeon (3/15)

Altars:
Ashenzari

Shops:
D:2 [=


Innate Abilities, Weirdness & Mutations

You cannot wear most types of armour.
You are amphibious.
You can wear up to eight rings at the same time.
Your skin changes colour to match your surroundings (Stealth+).
Your rubbery body absorbs attacks. (AC +1, EV +1)
((You are camouflaged when in or above water. (Stealth+)))
You have tentacles for arms and can constrict up to eight enemies at once.
You are somewhat resistant to further mutation.
Your system is resistant to poisons. (rPois)


Message History

The orc priest is poisoned.
The orc priest convulses.
The orc priest seems to slow down.
The orc priest shouts!
The orc priest is lightly wounded.
The orc shouts!
Throw: 2 darts (curare)
Press: ? - help, Q - select action, (/) - cycle Shift-Dir - straight line, f - orc wizard, p - orc priest
Aim: an orc wizard, wielding a +0 dagger and wearing a +0 robe (51% to hit)
You throw a curare-tipped dart.
The curare-tipped dart closely misses the orc wizard.
The curare-tipped dart closely misses the orc.
Throw: dart (curare)
Press: ? - help, Q - select action, (/) - cycle Shift-Dir - straight line, p - orc wizard You throw a curare-tipped dart.
The curare-tipped dart barely misses the rat.
The orc wizard hits you with a +0 dagger.
You hit the orc wizard. Your grab misses the orc wizard.
The orc wizard is lightly wounded.
The orc wizard points at you and mumbles some strange words.
You are confused.
The rat barely misses you.
Unknown command.
You hit the orc wizard but do no damage.
Your squeeze misses the orc wizard.
The orc wizard is lightly wounded.
The rat bites you. The orc hits you with a +0 club.
Unknown command.
It was a potion of mutation.
You feel extremely strange.
You feel resistant to poisons.
You feel genetically stable.
The orc wizard gestures at you while chanting.
The puff of flame hits you!
* * * LOW HITPOINT WARNING * * *
The orc closely misses you. The rat bites you.
* * * LOW HITPOINT WARNING * * *
It was a potion of might.
You feel very mighty all of a sudden.
The orc priest hits you with a +0 flail.
* * * LOW HITPOINT WARNING * * *
The orc wizard hits you with a +0 dagger.
You die...

. .........##
###..........
###8#.....###
#.######.## #
##.....8# #.#
##.....########
#8...........#
###.....####.
##.......#
##8#....#
###@o..#
......roo..#
...........#
.............
.....(....###..
....(..(..# .
+####+#####


You could see an orc priest (very poisoned, slow), an orc wizard, an orc and a
rat.

Vanquished Creatures
  2 adders (D:2)
  A worm (D:2)
  5 dart slugs
  3 endoplasms
  2 giant cockroaches
  4 goblins (D:1)
  5 hobgoblins (D:1)
  4 quokkas
  6 ball pythons
  2 bats
  2 frilled lizards (D:1)
  3 kobolds
  A rat (D:1)
40 creatures vanquished.

Notes
Turn   | Place    | Note
-------+----------+-------------------------------------------
     0 | D:1      | Dorkslayer the Octopode Brigand began the quest for the
                  | Orb.
     0 | D:1      | Reached XP level 1. HP: 14/14 MP: 1/1
   186 | D:1      | Reached XP level 2. HP: 19/19 MP: 2/2
   188 | D:1      | Reached skill level 6 in Stealth
   409 | D:1      | Reached XP level 3. HP: 21/24 MP: 3/3
   799 | D:2      | Found Barask's One-of-a-Kind Rings.
   861 | D:2      | Found Wupses Afaon's Antique Armour Boutique.
   901 | D:2      | Reached XP level 4. HP: 29/29 MP: 4/4
  1142 | D:2      | Found a broken altar of Ashenzari.
  1598 | D:3      | Gained mutation: Your system is resistant to poisons.
                  | (rPois) [potion of mutation]
  1598 | D:3      | Gained mutation: You are somewhat resistant to further
                  | mutation. [potion of mutation]
  1599 | D:3      | Slain by an orc wizard

Illustrated notes

Levels and vault maps discovered:
D:1:      mrwooster_arrival_statue_3, layout_loops_ring
D:2:      layout_basic, basic_altar, serial_shops, nicolae_diamond_shop,
          nicolae_shop_unique_rings
D:3:      layout_basic, serial_corexii_hall, corexii_hall_statues_t,
          chequers_hall_statues_y, corexii_hall_statues_x,
          corexii_hall_statues_deadend

Skill      XL: |  1  2 |
---------------+-------+-----
Stealth        | 6 |  6.9
Fighting       | |  2.3
Short Blades   | |  2.5
Throwing       | |  2.2
Dodging        | |  1.1

Action                   |  1- 3 |  4- 6 || total
-------------------------+-------+-------++-------
Melee: Dagger            |    52 |    16 ||    68
       Constrict         |    14 |     1 ||    15
       Tentacles         |     6 |       ||     6
Throw: Dart              |     4 |     3 ||     7
  Use: Scroll            |     3 |       ||     3
       Potion            |       |     2 ||     2
 Stab: Sleeping          |    11 |     5 ||    16
Armor: Skin              |     1 |     2 ||     3
Dodge: Dodged            |    25 |     6 ||    31

Table legend: (Time is in decaauts)
 A = Elapsed time spent in this place.
 B = Non-inter-level travel time spent in this place.
 C = Inter-level travel time spent in this place.
 D = Time resting spent in this place.
 E = Time spent auto-exploring this place.
 F = Levels seen in this place.
 G = Mean time per level.
                   A        B        C        D        E       F      G
               +--------+--------+--------+--------+--------+-----+--------+
         Total |   1590 |   1590 |      0 |      0 |   1031 |   3 |  530.0 |
       Dungeon |   1590 |   1590 |      0 |      0 |   1031 |   3 |  530.0 |
               +--------+--------+--------+--------+--------+-----+--------+

Top non-repeatable levels by time:
     D:2: 774 daAuts
     D:1: 750 daAuts
     D:3: 66 daAuts
